 Dungeon Crawl Stone Soup version 0.29-a0-994-gc5c9f59d18 (webtiles) character file.

Game seed: 5365633623283683273

37 Asher535 the Chopper (level 3, 0/33 HPs)
             Began as a Minotaur Berserker on Aug 3, 2022.
             Was a Believer of Trog.
             Slain by an orc priest
             ... wielding a +0 hand axe
              (5 damage)
             ... on level 2 of the Dungeon.
             The game lasted 00:03:09 (1312 turns).

Asher535 the Chopper (Minotaur Berserker)           Turns: 1312, Time: 00:03:09

Health: 0/33       AC: 10    Str: 23    XL:     3   Next: 23%
Magic:  2/2        EV:  8    Int:  4    God:    Trog [**....]
Gold:   84         SH:  0    Dex:  9    Spells: 2/2 levels left

rFire   . . .      SeeInvis .   a - +0 hand axe
rCold   . . .      Faith    .   (no shield)
rNeg    . . .      Spirit   .   p - +0 chain mail
rPois   .          Reflect  .   (helmet restricted)
rElec   .          Harm     .   (no cloak)
rCorr   +          Rampage  .   (no gloves)
Will    .....                   g - +0 pair of boots
Stlth   ..........              (no amulet)
HPRegen 0.11/turn               i - ring of resist corrosion
MPRegen 0.08/turn               (no ring)

@: confused, ambrosia-drunk
A: horns 2, retaliatory headbutt
a: Renounce Religion, Berserk, Trog's Hand


You were on level 2 of the Dungeon.
You worshipped Trog.
Trog was pleased with you.
You visited 1 branch of the dungeon, and saw 2 of its levels.

You collected 84 gold pieces.

Inventory:

Hand Weapons
 a - a +0 hand axe (weapon)
Missiles
 l - 4 poisoned darts (quivered)
Armour
 b - a +0 animal skin
 g - a +0 pair of boots (worn)
 m - a +0 pair of boots
 p - a +0 chain mail (worn)
Jewellery
 e - an amulet of magic regeneration
 i - a ring of resist corrosion (left hand)
Scrolls
 f - 2 scrolls of torment {unknown}
 h - a scroll of identify {unknown}
 j - a scroll of fog {unknown}
 k - a scroll of magic mapping {unknown}
 n - a scroll of teleportation {unknown}
Potions
 d - a potion of curing {unknown}
 o - a potion of flight {unknown}


   Skills:
 + Level 4.1 Fighting
 + Level 4.1 Axes
 + Level 3.1 Armour
 + Level 2.7 Dodging


You had 2 spell levels left.
You didn't know any spells.
Your spell library was empty.

Dungeon Overview and Level Annotations

Branches:
Dungeon (2/15)

Altars:

Shops:
D:1 ?   D:2 =


Innate Abilities, Weirdness & Mutations

You have a pair of horns on your head.
You reflexively headbutt those who attack you in melee.


Message History

The orc splashes around in the water.
Your unstable footing causes you to fumble your attack.
The orc priest barely misses you.
The orc splashes around in the water.
You closely miss the orc.
The orc is severely wounded.
You hit the orc priest.
The orc priest mumbles some strange prayers to Beogh against you.
Pain shoots through your body! The orc hits you with a +0 short sword.
The orc priest hits you with a +0 hand axe.
Your unstable footing causes you to fumble your attack.
The orc hits you with a +0 short sword.
The orc priest hits you with a +0 hand axe.
You are too injured to fight recklessly!
You are too injured to fight recklessly!
You are too injured to fight recklessly!
You are too injured to fight recklessly!
You are too injured to fight recklessly!
You are too injured to fight recklessly!
You barely miss the orc.
The orc is severely wounded.
You hit the orc priest. The orc hits you but does no damage.
The orc priest splashes around in the water.
Your unstable footing causes you to fumble your attack.
The orc hits you but does no damage.
The orc priest hits you with a +0 hand axe.
* * * LOW HITPOINT WARNING * * *
You closely miss the orc priest.
The orc priest is moderately wounded.
You barely miss the orc. The orc hits you but does no damage.
The orc priest hits you with a +0 hand axe.
* * * LOW HITPOINT WARNING * * *
The orc hits you but does no damage.
The orc priest attacks as you move away!
The orc priest hits you with a +0 hand axe.
* * * LOW HITPOINT WARNING * * *
It was a potion of ambrosia.
You are confused.
You feel invigorated.
The orc priest hits you with a +0 hand axe.
You die...

#... .# ..
...##.###.
.....>.. #
#...~..##.#
#.~~~~...
#.~~~~.# #.~~~~.#
#.oo≈~.#
#####P.@...#
#..........#
#.####).##.####
#......... ###
####..##.#### ...
#.....##.# ..##
#.#'#.##.# ....#
#.'∩+..[.###...#
#...#'#..#§§§§§.#


You could see an orc priest and an orc.

Vanquished Creatures
  A dart slug (D:1)
  An orc (D:2)
  3 bats (D:1)
  2 endoplasms (D:1)
  2 giant cockroaches (D:1)
  5 goblins (D:1)
  A hobgoblin (D:1)
  4 quokkas
  2 ball pythons (D:1)
  A ball python skeleton (D:2)
  3 frilled lizards (D:1)
  2 jackal zombies (D:2)
  A kobold (D:1)
  6 rats (D:1)
34 creatures vanquished.

Notes
Turn   | Place    | Note
-------+----------+-------------------------------------------
     0 | D:1      | Asher535 the Minotaur Berserker began the quest for the
                  | Orb.
     0 | D:1      | Reached XP level 1. HP: 19/19 MP: 0/0
   180 | D:1      | Reached XP level 2. HP: 27/27 MP: 1/1
   581 | D:1      | Found Saficego's Magic Scroll Boutique.
   633 | D:1      | Reached ** piety under Trog
   656 | D:1      | Reached XP level 3. HP: 23/33 MP: 2/2
   758 | D:1      | Found a faded altar of an unknown god.
  1281 | D:2      | Found Fotuuj's Jewellery Emporium.
  1311 | D:2      | HP: 1/33 [orc priest/+0 hand axe (5)]
  1312 | D:2      | Slain by an orc priest

Illustrated notes

Levels and vault maps discovered:
D:1:      roderic_chinese_lattice_arrival, layout_basic, serial_shops,
          nicolae_shop_hallway_plus, hellmonk_ecumenical_altar_arch_garden,
          minmay_heptomino_l4
D:2:      layout_loops_corners, serial_shops, nicolae_shop_behind_doors,
          serial_undead, serial_undead_a, serial_undead_f, serial_undead_e,
          serial_undead_a, kennysheep_cross_room, minmay_misc_feat_roman

Skill      XL: |  1  2 |
---------------+-------+-----
Axes           | 4 |  4.1
Fighting       | 4 |  4.1
Armour         | 3 |  3.1
Dodging        | |  2.7

Action                   || total
-------------------------++-------
Melee: Hand axe          ||    75
       Headbutt          ||    10
       Punch             ||     1
  Use: Potion            ||     1
Armor: Animal skin       ||    16
       Chain mail        ||    11
Dodge: Dodged            ||    44

Table legend: (Time is in decaauts)
 A = Elapsed time spent in this place.
 B = Non-inter-level travel time spent in this place.
 C = Inter-level travel time spent in this place.
 D = Time resting spent in this place.
 E = Time spent auto-exploring this place.
 F = Levels seen in this place.
 G = Mean time per level.
                   A        B        C        D        E       F      G
               +--------+--------+--------+--------+--------+-----+--------+
         Total |   1319 |   1278 |     41 |     86 |    951 |   2 |  659.5 |
       Dungeon |   1319 |   1278 |     41 |     86 |    951 |   2 |  659.5 |
               +--------+--------+--------+--------+--------+-----+--------+

Top non-repeatable levels by time:
     D:1: 1115 daAuts
     D:2: 204 daAuts
